 Dungeon Crawl Stone Soup version 0.29-a0-542-g075992c915 (webtiles) character file.

Game seed: 557752393856976496

1964 Hubjo the Skirmisher (level 9, -3/105 HPs)
             Began as a Demonspawn Wanderer on June 2, 2022.
             Succumbed to a gnoll sergeant's poison
             ... on level 6 of the Dungeon on June 5, 2022.
             The game lasted 00:16:20 (5428 turns).

Hubjo the Skirmisher (Demonspawn Wanderer)          Turns: 5428, Time: 00:16:21

Health: -3/105     AC: 24    Str:  9    XL:     9   Next: 0%
Magic:  15/15      EV:  2    Int: 20    God:
Gold:   327        SH:  0    Dex: 24    Spells: 15/16 levels left

rFire   . . .      SeeInvis +   o - +7 short sword of Imminent Death {freeze, rN+ Dex+2 SInv Stlth+}
rCold   . . .      Faith    .   (no shield)
rNeg    + . .      Spirit   .   (body armour currently unavailable)
rPois   +          Reflect  .   (helmet currently unavailable)
rElec   .          Harm     .   (cloak currently unavailable)
rCorr   .          Rampage  .   (gloves currently unavailable)
Will    .....      NoTele   +   (boots currently unavailable)
Stlth   +++++.....              q - amulet of regeneration
HPRegen 2.07/turn               g - +6 ring of intelligence
MPRegen 0.14/turn               (no ring)

@: mighty, lethally poisoned (-3 -> -13), tree-form
A: stationary, stasis, torment immunity, boosted hp, (claws 1), thin skeletal
structure 1, powered by death 1
a: no special abilities


You were on level 6 of the Dungeon.
You were a tree.
You visited 1 branch of the dungeon, and saw 6 of its levels.
You also visited: Sewer.

You collected 327 gold pieces.

Inventory:

Hand Weapons
 a - a +0 quarterstaff
 o - the +7 short sword of Imminent Death (weapon) {freeze, rN+ Dex+2 SInv Stlth+}
   (You took it off a goblin on level 2 of the Dungeon)

   It freezes those it strikes, dealing additional cold damage.
   It can also slow down cold-blooded creatures.
   Dex:       It affects your dexterity (+2).
   rN:        It protects you from negative energy.
   SInv:      It lets you see invisible.
   Stlth:     It makes you more stealthy.
 t - a +5 rapier
Missiles
 y - 2 boomerangs of dispersal
Armour
 b - a +0 helmet (melded)
 d - a +0 robe (melded)
 f - a +2 ring mail of fire resistance
Jewellery
 g - a +6 ring of intelligence (left branch)
 q - an amulet of regeneration (around neck)
 C - an amulet of reflection
 D - a ring of poison resistance
Wands
 r - a wand of digging (3)
Scrolls
 c - a scroll of fear
 e - a scroll of teleportation
 h - a scroll of fog
 j - a scroll of torment
 k - 4 scrolls of enchant armour
 n - a scroll of brand weapon
 p - 2 scrolls of silence
 z - a scroll of magic mapping
 B - a scroll of vulnerability {unknown}
Potions
 i - a potion of lignification
 l - a potion of brilliance {unknown}
 m - a potion of haste {unknown}
 s - a potion of degeneration
 u - a potion of invisibility {unknown}
 v - a potion of might
 w - a potion of magic {unknown}
 x - 2 potions of curing {unknown}
 A - 2 potions of berserk rage {unknown}


   Skills:
 + Level 6.3 Fighting
 * Level 4.3 Short Blades
 - Level 1.0 Staves
 - Level 3.9 Dodging
 + Level 4.2 Stealth
 + Level 4.3 Spellcasting
 + Level 5.7 Air Magic


You had 15 spell levels left.
You knew the following spells:

 Your Spells              Type           Power      Damage    Failure   Level
a - Shock                 Conj/Air       60%        1d6       3%          1

Your spell library contained the following spells:

 Spells                   Type           Power      Damage    Failure   Level
 Poisonous Vapours        Pois/Air       30%        N/A       6%          2
 Static Discharge         Conj/Air       15%        N/A       6%          2
 Scorch                   Fire           8%         2d5       19%         2
 Sublimation of Blood     Necr           4%         N/A       19%         2
 Wereblood                Tmut           4%         N/A       19%         2
 Dispel Undead            Necr           4%         3d7       77%         4
 Flame Wave               Conj/Fire      4%         2d5       77%         4
 Sticky Flame             Conj/Fire      4%         2d3       77%         4
 Summon Cactus Giant      Summ           2%         N/A       100%        6
 Summon Hydra             Summ           2%         N/A       100%        7


Dungeon Overview and Level Annotations

Branches:
Dungeon (6/15)             Temple (0/1) D:6           Sewer (visited)

Altars:
Ashenzari


Innate Abilities, Weirdness & Mutations

You are a tree.
Your roots penetrate the ground, keeping you stationary.
You cannot be teleported.
You are immune to unholy pain and torment.
Your maximum health is greatly increased.
Your equipment is partially melded.
((You have sharp fingernails.))
You have a somewhat thin skeletal structure. (Dex +2, Stealth+)
You regenerate a little health from kills.


Message History

You kill the gnoll!
The gnoll sergeant hits you from afar with a +1 spear of venom!
You are poisoned.
You puncture the gnoll! You freeze the gnoll.
You kill the gnoll!
You feel very sick.
The gnoll sergeant hits you from afar with a +1 spear of venom!
You are more poisoned.
You have reached level 9!
Your experience leads to an increase in your attributes!
Your base attributes are Str 9, Int 14, Dex 20.
Increase (S)trength, (I)ntelligence, or (D)exterity?
You feel agile. x2
You are too injured to fight recklessly!
You feel very sick.
The gnoll hits you from afar with a +0 halberd!
* * * LOW HITPOINT WARNING * * *
The gnoll sergeant misses you.
You hear a bark!
Items here: (( )))) [ †††††.
As you read the scroll of teleportation, it crumbles to dust.
You feel strangely unstable.
You feel very sick.
The hound barks!
You hear a bark!
The gnoll hits you from afar with a +0 halberd.
* * * LOW HITPOINT WARNING * * *
The gnoll sergeant hits you with a +1 spear of venom!
* * * LOW HITPOINT WARNING * * *
You are lethally poisoned!
It was a potion of lignification.
You turn into a tree.
Your +0 helmet melds into your body.
Your +0 robe melds into your body.
Your roots penetrate the ground.
You feel strangely stable.
* * * LOW HITPOINT WARNING * * *
You feel very sick. The gnoll hits you but does no damage.
The gnoll sergeant hits you but does no damage.
You are more poisoned.
It was a potion of might.
You feel very mighty all of a sudden.
You die...

###########
########.........#
#(...............#
#..##########....#
#.## ##.... #(#
##..# #(# #..# #♣#
#..# #.gg.h...
#... #........
#... #........
#... #.#....#'
#... #.#....# #...
#.#....# #.######
.


You could see a gnoll sergeant, a hound and a gnoll.

Vanquished Creatures
  Prince Ribbit (D:5)
  Sigmund (D:4)
  Menkaure (D:5)
  A black bear (D:5)
  Pargi (Sewer)
  2 sky beasts (D:6)
  2 ogres
  A phantom (D:5)
  3 scorpions
  A gnoll sergeant (D:6)
  4 hounds
  3 orc priests
  A gnoll shaman (D:6)
  A jelly (D:4)
  2 iguanas
  2 orc wizards (D:4)
  7 gnolls (D:6)
  8 adders
  A river rat (D:4)
  A shadow imp (D:6)
  A white imp (D:5)
  An ufetubus (D:4)
  2 worms
  5 dart slugs
  17 orcs
  6 endoplasms
  6 giant cockroaches
  8 goblins
  7 hobgoblins
  5 quokkas
  13 ball pythons
  5 bats
  11 frilled lizards
  8 kobolds
  8 rats
147 creatures vanquished.

Vanquished Creatures (others)
  A plant (D:1)
1 creature vanquished.

Grand Total: 148 creatures vanquished

Notes
Turn   | Place    | Note
-------+----------+-------------------------------------------
     0 | D:1      | Hubjo the Demonspawn Wanderer began the quest for the Orb.
     0 | D:1      | Hubjo set off with the following items: a +0 quarterstaff,
                  | a +0 helmet, a scroll of fear, a +0 robe; and the following
                  | spell memorised: Shock; and the following spells available
                  | to memorise: Poisonous Vapours, Static Discharge
     0 | D:1      | Reached XP level 1. HP: 13/13 MP: 2/2
   311 | D:1      | Gained mutation: You regenerate a little health from kills.
                  | [demonic ancestry]
   311 | D:1      | Reached XP level 2. HP: 20/20 MP: 3/3
   334 | D:1      | Reached skill level 1 in Fighting
   948 | D:2      | Gained mutation: You have sharp fingernails. [demonic
                  | ancestry]
   948 | D:2      | Reached XP level 3. HP: 12/26 MP: 3/5
  1606 | D:2      | Reached skill level 2 in Fighting
  1835 | D:2      | Identified the +7 short sword of Imminent Death {freeze,
                  | rN+ Dex+2 SInv Stlth+}
  2023 | D:2      | Upgraded the game from 0.29-a0-541-gaf1fc19f1b to
                  | 0.29-a0-542-g075992c915
  2601 | D:3      | Reached XP level 4. HP: 33/33 MP: 0/6
  2973 | D:3      | Found Tyubb's Antique Weapon Shoppe.
  3065 | D:4      | Noticed Sigmund
  3072 | D:4      | Killed Sigmund
  3073 | D:4      | Reached skill level 3 in Fighting
  3073 | D:4      | Reached skill level 1 in Short Blades
  3073 | D:4      | Reached skill level 1 in Stealth
  3073 | D:4      | Reached XP level 5. HP: 26/41 MP: 6/8
  3215 | D:4      | Found a glowing drain.
  3240 | D:4      | Reached XP level 6. HP: 38/47 MP: 9/9
  3306 | Sewer    | Entered a sewer
  3384 | Sewer    | Noticed Pargi
  3400 | Sewer    | Killed Pargi
  3543 | D:4      | Reached skill level 4 in Fighting
  3629 | D:4      | Reached XP level 7. HP: 52/54 MP: 11/11
  3777 | D:4      | Found a broken altar of Ashenzari.
  4373 | D:5      | Entered Level 5 of the Dungeon
  4505 | D:5      | Noticed Menkaure
  4511 | D:5      | Reached skill level 5 in Fighting
  4519 | D:5      | HP: 1/56 [Menkaure/nerve-wracking pain (3)]
  4521 | D:5      | Killed Menkaure
  4522 | D:5      | Reached skill level 5 in Air Magic
  4603 | D:5      | Noticed Prince Ribbit
  4615 | D:5      | Killed Prince Ribbit
  4616 | D:5      | Gained mutation: You have a somewhat thin skeletal
                  | structure. (Dex +2, Stealth+) [demonic ancestry]
  4616 | D:5      | Reached XP level 8. HP: 24/63 MP: 11/13
  4929 | D:6      | Reached skill level 6 in Fighting
  5054 | D:6      | Found a staircase to the Ecumenical Temple.
  5425 | D:6      | Reached XP level 9. HP: 32/70 MP: 15/15
  5426 | D:6      | HP: 3/70 [gnoll sergeant/+1 spear of venom (7)]
  5427 | D:6      | HP: 1/105 [poisoned by a gnoll sergeant]
  5428 | D:6      | Succumbed to a gnoll sergeant's poison

Illustrated notes

Levels and vault maps discovered:
D:1:      saegor_arrival_under_anarchy, layout_loops_ring,
          grunt_decor_one_mirror
D:2:      layout_basic, nicolae_underground_beach
D:3:      layout_rooms, serial_shops, nicolae_lakefront_shop
D:4:      layout_loops_ring, ashenzari_altar_1, portal_sewer_entry_a,
          grunt_ministairs_4, minmay_bent, uniq_sigmund
D:5:      layout_basic, uniq_menkaure, uniq_prince_ribbit1
D:6:      layout_cave_pools, lightli_temple_of_fire, minmay_temple_entry_glass,
          serial_gnoll_camp, gnoll_camp_mini_hut, gnoll_camp_huts_moat,
          gnoll_camp_mini_hut, gnoll_camp_medium_02, gnoll_camp_mini_hut

Skill      XL: |  1  2  3  4  5  6  7  8 |
---------------+-------------------------+-----
Fighting       | 1 2 3 4 5 6 |  6.3
Air Magic      | 4 5 |  5.7
Short Blades   | 1 2 3 4 |  4.3
Stealth        | 1 2 3 4 |  4.2
Spellcasting   | 2 3 4 |  4.3
Staves         | |  1.0
Dodging        | |  3.9

Action                   |  1- 3 |  4- 6 |  7- 9 || total
-------------------------+-------+-------+-------++-------
Melee: Quarterstaff      |    44 |       |       ||    44
       Short sword       |     7 |    94 |   153 ||   254
       Punch             |       |     1 |     3 ||     4
 Cast: Shock             |    71 |     4 |    26 ||   101
  Use: Scroll            |     4 |     2 |     6 ||    12
       Potion            |       |     1 |     2 ||     3
 Stab: Sleeping          |     2 |     5 |     7 ||    14
Armor: Robe              |    13 |    20 |    10 ||    43
       Skin              |       |       |     2 ||     2
Dodge: Dodged            |    63 |    88 |   109 ||   260

Table legend: (Time is in decaauts)
 A = Elapsed time spent in this place.
 B = Non-inter-level travel time spent in this place.
 C = Inter-level travel time spent in this place.
 D = Time resting spent in this place.
 E = Time spent auto-exploring this place.
 F = Levels seen in this place.
 G = Mean time per level.
                   A        B        C        D        E       F      G
               +--------+--------+--------+--------+--------+-----+--------+
         Total |   5480 |   5253 |    227 |    130 |   4008 |   7 |  782.9 |
       Dungeon |   5229 |   5002 |    227 |    130 |   3869 |   6 |  871.5 |
         Sewer |    250 |    250 |      0 |      0 |    138 |   1 |  250.0 |
               +--------+--------+--------+--------+--------+-----+--------+

Top non-repeatable levels by time:
     D:2: 1474 daAuts
     D:4: 1103 daAuts
     D:1: 945 daAuts
     D:3: 658 daAuts
     D:5: 546 daAuts
     D:6: 500 daAuts
   Sewer: 250 daAuts
